 Dungeon Crawl Stone Soup version 0.24.0-13-gcf9b3192b9 (webtiles) character file.

Game seed: 18269886884666688482, levelgen mode: deterministic

82381 Johnny the Fencer (level 15, -10/195 HPs)
             Began as a Troll Berserker on Nov 6, 2019.
             Was the Champion of Trog.
             Killed from afar by Roxanne (54 damage)
             ... with a bolt of magma
             ... on level 1 of the Swamp on Nov 9, 2019.
             The game lasted 00:34:36 (18541 turns).

Johnny the Fencer (Troll Berserker)                Turns: 18541, Time: 00:34:37

Health: -10/195    AC: 17    Str: 43    XL:     15   Next: 29%
Magic:  14/14      EV: 16    Int:  3    God:    Trog [******]
Gold:   1874       SH:  0    Dex:  9    Spells: 14/14 levels left

rFire    . . .     SeeInvis +   E - +1 triple sword (flame)
rCold    . . .     Gourm    +   (shield currently unavailable)
rNeg     . . .     Faith    .   F - +0 troll leather armour
rPois    .         Spirit   .   d - +2 hat {SInv}
rElec    .         Reflect  .   U - +0 cloak
rCorr    .         Harm     +   (gloves unavailable)
MR       +....                  (boots unavailable)
Stlth    ..........             Q - amulet of harm
HPRegen  1.22/turn              V - +5 ring of evasion
MPRegen  0.14/turn              J - +4 ring of strength

@: berserking, studying Shields, very quick
A: large, unfitting armour, antennae 1, claws 3, talons 1, icy blue scales 1,
iridescent scales 1, fast metabolism 3, gourmand, regeneration 1, shaggy fur 1,
tough skin 3
a: Berserk, Trog's Hand, Brothers in Arms, Renounce Religion


You were on level 1 of the Swamp.
You worshipped Trog.
Trog was exalted by your worship.
You were very full.

You visited 5 branches of the dungeon, and saw 23 of its levels.
You also visited: Bailey and Gauntlet.

You collected 1874 gold pieces.

Inventory:

Hand Weapons
 x - a +5 great sword of slicing
 E - a +1 triple sword of flaming (weapon)
 G - a +1 antimagic great sword
Armour
 d - a +2 hat of see invisible (worn)
 F - a +0 troll leather armour (worn)
 U - a +0 cloak (worn)
Jewellery
 e - an uncursed ring of protection from cold
 s - an uncursed ring of resist corrosion
 J - a +4 ring of strength (right claw)
 Q - an amulet of harm (around neck)
 V - a +5 ring of evasion (left claw)
Wands
 o - a wand of iceblast (10)
 L - a wand of paralysis (11)
 M - a wand of disintegration (25)
 O - a wand of polymorph (19)
 P - a wand of scattershot (9)
 S - a wand of digging (8)
Scrolls
 b - 3 scrolls of magic mapping
 g - a scroll of identify
 h - a scroll of enchant weapon
 j - 11 scrolls of remove curse
 k - 2 scrolls of noise
 l - 3 scrolls of enchant armour
 u - 7 scrolls of teleportation
 w - 3 scrolls of immolation
 B - a scroll of vulnerability
 C - a scroll of brand weapon
 D - 2 scrolls of silence
Potions
 a - a potion of berserk rage {unknown}
 f - 2 potions of haste
 i - 6 potions of curing
 m - 2 potions of mutation
 n - 2 potions of invisibility
 q - 6 potions of magic
 r - 5 potions of degeneration {unknown}
 v - 4 potions of might {unknown}
 A - 2 potions of brilliance {unknown}
 H - a potion of cancellation {unknown}
 T - 2 potions of lignification
 W - a potion of resistance
 Z - 3 potions of flight
Books
 I - a manual of Shields
Miscellaneous
 y - a phial of floods (inert)
Comestibles
 c - 41 rations


   Skills:
 - Level 4.0 Fighting
 * Level 19.7 Long Blades
 - Level 11.2 Armour
 - Level 4.0 Dodging


You had 14 spell levels left.
You didn't know any spells.
Your spell library contained the following spells:

 Spells                   Type           Power        Failure   Level  Hunger
 Infusion                 Chrm           #...         54%         1    ##.....
 Magic Dart               Conj           #...         54%         1    ##.....
 Sting                    Conj/Pois      #...         54%         1    ##.....
 Blink                    Tloc           N/A          67%         2    ###....
 Call Imp                 Summ           #.......     67%         2    ###....
 Poisonous Vapours        Pois/Air       #.....       67%         2    ###....
 Shroud of Golubria       Chrm/Tloc      #.....       67%         2    ###....
 Slow                     Hex            #.......     67%         2    ###....
 Song of Slaying          Chrm           #.......     67%         2    ###....
 Sublimation of Blood     Necr           #.........   67%         2    ###....
 Conjure Flame            Conj/Fire      #.......     88%         3    ####...
 Ignite Poison            Fire/Tmut/Pois #.......     88%         3    ####...
 Mephitic Cloud           Conj/Pois/Air  #.......     88%         3    ####...
 Recall                   Summ/Tloc      N/A          88%         3    ####...
 Regeneration             Chrm/Necr      #.........   88%         3    ####...
 Spectral Weapon          Hex/Chrm       #.......     88%         3    ####...
 Animate Dead             Necr           N/A          99%         4    #####..
 Olgreb's Toxic Radiance  Pois           #.......     99%         4    #####..
 Petrify                  Tmut/Erth      #.......     99%         4    #####..
 Alistair's Intoxication  Tmut/Pois      #.......     100%        5    ######.
 Borgnjor's Vile Clutch   Necr/Erth      #.........   100%        5    ######.
 Irradiate                Conj/Tmut      #.........   100%        5    ######.
 Venom Bolt               Conj/Pois      #.........   100%        5    ######.
 Death Channel            Necr           #.........   100%        6    #######
 Simulacrum               Ice/Necr       #.........   100%        6    #######


Dungeon Overview and Level Annotations

Branches:
Dungeon (13/15)            Temple (1/1) D:5            Lair (6/6) D:11
  Swamp (1/4) Lair:3        Snake (0/4) Lair:4        Slime (0/5) Lair:6
    Orc (2/2) D:10            Elf (0/3) Orc:2        Bailey (visited)
Gauntlet (visited)
 Vaults: D:13-14

Altars:
Ashenzari
Cheibriados
Dithmenos
Elyvilon
Fedhas
Gozag
Kikubaaqudgha
Makhleb
Nemelex Xobeh
Okawaru
Qazlal
Ru
Sif Muna
Trog
Uskayaw
Vehumet
Wu Jian
Xom
Yredelemnul
Zin
The Shining One

Shops:
D:5 *   Orc:2 }[:(

Annotations:
D:8 4 transporters, Kagalorn's ghost, novice GnWz
Swamp:1 Frances; Roxanne


Innate Abilities, Weirdness & Mutations

You are too large for most types of armour.
You have claws for hands.
Your metabolism is lightning-fast.
You like to eat raw meat.
Your natural rate of healing is unusually fast.
You are covered in fur. (AC +1)
You have extremely tough skin. (AC +3)
You have a pair of small antennae on your head.
You have sharp toenails.
You are partially covered in icy blue scales. (AC +2)
You are partially covered in iridescent scales. (AC +2)


Message History

The crystal spear hits you!!!
Ouch! That really hurt!
Unknown command.
A red film seems to cover your vision as you go berserk!
You feel yourself moving faster!
You feel mighty!
You feel a lot less full.
Roxanne mumbles some strange words.
The orb of energy hits you!!
* * * LOW HITPOINT WARNING * * *
The orb of energy explodes!
You slash Roxanne! You claw Roxanne!!
Roxanne is moderately damaged.
Unknown command.
You slash Roxanne! You burn Roxanne. You claw Roxanne!
Roxanne is severely damaged.
Unknown command.
You hit Roxanne but do no damage. You claw Roxanne, but do no damage.
Roxanne is severely damaged.
Roxanne casts a spell.
The bolt of magma hits you!!!
You die...

♣ ♣≈.≈≈≈≈≈≈.♣ ♣....♣♣
♣ ♣♣.≈≈≈≈≈≈.≈♣ ♣.≈≈≈.♣
♣ ♣§.≈≈≈≈...♣♣♣♣.≈≈≈.♣
♣♣♣..≈≈≈≈.♣♣♣♣♣..≈≈≈§♣
.....≈≈...♣♣♣...≈≈≈≈.♣
.≈≈≈≈≈.......≈≈≈≈≈..♣♣
§≈≈≈.≈.≈≈....≈≈≈≈.≈≈♣
♣..≈.≈≈≈≈≈≈≈♣♣......♣
♣..≈.≈≈≈≈≈≈. ♣♣♣@8..♣
[....≈≈≈≈..........≈≈♣
...≈.≈≈≈≈≈.≈♣≈.≈≈≈≈.♣♣
≈≈.♣≈.≈≈≈≈≈.≈♣≈≈≈≈.♣♣
≈≈≈♣♣♣≈.≈≈≈≈ .♣≈≈≈.♣
.♣♣♣ ♣♣≈≈≈ ≈.♣♣♣♣♣♣
.≈♣♣♣♣ .≈≈§ ..≈..♣ ≈♣♣
.≈≈≈.♣♣


You could see Roxanne.

Vanquished Creatures
  A thorn hunter (Swamp:1)
  Snorg (D:12)
  A minotaur (Gauntlet)
  Fannar (Lair:2)
  8 hydras
  A catoblepas (Lair:1)
  A death knight (D:12)
  2 two-headed ogres
  A centaur warrior (D:13)
  2 alligators (Swamp:1)
  4 death yaks (Lair:5)
  An orc high priest (Orc:2)
  2 sixfirhies (Gauntlet)
  4 oklob plants
  3 ugly things
  4 orc sorcerers (Orc:2)
  2 manticores
  12 elephants
  10 black mambas
  An apocalypse crab (Gauntlet)
  26 spiny frogs
  A hog (D:9)
  3 rime drakes
  6 komodo dragons
  6 trolls
  7 tyrant leeches
  3 hornets
  6 polar bears
  3 bog bodies
  Grinder (D:5)
  24 blink frogs
  5 dream sheep (Lair:5)
  6 hippogriffs
  A wraith (D:11)
  A shadow (Swamp:1)
  A vampire (D:11)
  41 yaks
  Eustachio (D:5)
  3 wyverns
  4 basilisks
  A steam dragon (D:9)
  A hungry ghost (D:9)
  5 vampire mosquitoes (Lair:6)
  3 wargs
  Edmund (D:4)
  2 nagas (Lair:4)
  5 swamp worms (Swamp:1)
  17 water moccasins
  10 porcupines
  A swamp drake (Swamp:1)
  2 ice beasts
  25 orc warriors
  4 sky beasts
  8 black bears
  3 phantoms
  8 ogres
  An eye of draining (D:10)
  7 necrophages
  A wolf (Lair:4)
  14 centaurs
  9 crocodiles
  4 big kobolds
  28 bullfrogs
  A wyvern zombie (D:9)
  2 wyvern skeletons
  3 scorpions
  A water moccasin skeleton (D:9)
  6 killer bees
  5 wights (D:9)
  7 howler monkeys
  2 electric eels
  13 crimson imps
  3 bullfrog zombies
  2 jellies
  4 centaur zombies
  4 hounds
  2 bullfrog skeletons
  28 orc priests
  2 centaur skeletons (D:9)
  4 iguanas
  37 orc wizards
  2 hell rats (Lair:6)
  9 worker ants
  A killer bee zombie (D:9)
  A hound skeleton (D:6)
  2 howler monkey zombies
  3 worker ant zombies
  5 gnolls
  16 adders
  11 river rats (Lair:6)
  2 shadow imps
  3 oozes
  2 adder zombies
  2 worms
  A dart slug (D:5)
  6 leopard geckos
  80 orcs
  3 giant cockroaches
  2 gnoll zombies (D:7)
  5 goblins
  5 hobgoblins
  11 jackals
  28 kobolds
  7 quokkas
  5 ball pythons
  6 bats
  4 frilled lizards
  2 jackal zombies
  A quokka skeleton (D:7)
  7 rats
  3 plants
732 creatures vanquished.

Vanquished Creatures (collateral kills)
  A thorn hunter (Swamp:1)
  A hydra (Lair:1)
  A death yak (Lair:1)
  A sixfirhy (Gauntlet)
  An orc knight (Bailey)
  2 spiny frogs
  2 freezing wraiths (D:12)
  A hornet (Swamp:1)
  A spriggan (Swamp:1)
  A hog (D:9)
  A human (D:9)
  3 vampire mosquitoes (D:13)
  A swamp worm (Swamp:1)
  3 orc warriors (Bailey)
  A bullfrog (D:12)
  6 killer bees
  A crimson imp (D:12)
  An orc wizard (D:12)
  2 orcs (D:12)
  A kobold (D:12)
32 creatures vanquished.

Vanquished Creatures (others)
  A wizard (D:9)
  A hog (D:9)
  An orc warrior (Bailey)
  An orc (Orc:2)
  3 briar patches (Swamp:1)
  8 fungi
  32 plants
47 creatures vanquished.

Grand Total: 811 creatures vanquished

Notes
Turn   | Place    | Note
-------+----------+-------------------------------------------
     0 | D:1      | Johnny the Troll Berserker began the quest for the Orb.
     0 | D:1      | Reached XP level 1. HP: 22/22 MP: 0/0
    56 | D:1      | Reached XP level 2. HP: 12/29 MP: 1/1
   321 | D:1      | Reached skill level 3 in Long Blades
   343 | D:1      | Reached XP level 3. HP: 36/36 MP: 2/2
   524 | D:2      | Found a shattered altar of Ashenzari.
   592 | D:2      | Reached ** piety under Trog
   736 | D:2      | Reached XP level 4. HP: 42/44 MP: 3/3
  1250 | D:3      | Reached XP level 5. HP: 36/53 MP: 4/4
  1337 | D:3      | Reached skill level 4 in Long Blades
  1628 | D:4      | Reached XP level 6. HP: 45/61 MP: 5/5
  1730 | D:4      | Reached *** piety under Trog
  1828 | D:4      | Noticed Edmund
  1845 | D:4      | Killed Edmund
  1988 | D:4      | Reached skill level 5 in Long Blades
  2050 | D:4      | Reached XP level 7. HP: 57/70 MP: 6/6
  2441 | D:5      | Entered Level 5 of the Dungeon
  2504 | D:5      | Found Walomn's Assorted Antiques.
  2533 | D:5      | Reached skill level 6 in Long Blades
  2619 | D:5      | Found an iron altar of Okawaru.
  2730 | D:5      | Gained mutation: You are partially covered in icy blue
                  | scales. (AC +2) [potion of mutation]
  2730 | D:5      | Gained mutation: You have sharp toenails. [potion of
                  | mutation]
  2730 | D:5      | Gained mutation: You have a pair of small antennae on your
                  | head. [potion of mutation]
  2730 | D:5      | Gained mutation: You are partially covered in iridescent
                  | scales. (AC +2) [potion of mutation]
  2880 | D:5      | Noticed Eustachio
  2896 | D:5      | Killed Eustachio
  2896 | D:5      | Reached XP level 8. HP: 78/78 MP: 7/7
  2964 | D:5      | Reached skill level 7 in Long Blades
  2989 | D:5      | Found a staircase to the Ecumenical Temple.
  2995 | D:5      | Noticed Grinder
  3011 | D:5      | Paralysed by Grinder for 5 turns
  3022 | D:5      | Killed Grinder
  3240 | D:5      | Found a bloodstained altar of Trog.
  3269 | Temple   | Entered the Ecumenical Temple
  3365 | D:6      | Reached skill level 8 in Long Blades
  3536 | D:6      | Reached **** piety under Trog
  3536 | D:6      | Reached skill level 9 in Long Blades
  3674 | D:6      | Reached XP level 9. HP: 58/84 MP: 8/8
  4178 | D:7      | Found an opulent altar of Gozag.
  4406 | D:7      | Reached skill level 10 in Long Blades
  4457 | D:7      | Found an ancient bone altar of Kikubaaqudgha.
  4541 | D:7      | Found a basalt altar of Yredelemnul.
  4584 | D:7      | Reached ***** piety under Trog
  4618 | D:8      | Noticed a cyclops
  4619 | D:8      | Found a glowing golden altar of the Shining One.
  4620 | D:8      | Noticed a cyclops
  4624 | D:8      | Noticed a two-headed ogre
  4655 | D:8      | Found a transporter.
  4669 | D:8      | Found a transporter.
  4818 | D:8      | Reached skill level 11 in Long Blades
  4920 | D:8      | Found a transporter.
  4927 | D:8      | Noticed Kagalorn's ghost (novice GnWz)
  4956 | D:8      | Found a burning altar of Makhleb.
  4956 | D:8      | Found a white marble altar of Elyvilon.
  5010 | D:8      | Found a transporter.
  5439 | D:9      | Reached XP level 10. HP: 90/92 MP: 9/9
  5638 | D:9      | Found a bloodstained altar of Trog.
  5639 | D:9      | Noticed a wizard
  5644 | D:9      | Killed a wizard
  5657 | D:9      | Reached skill level 12 in Long Blades
  5669 | D:9      | Noticed a two-headed ogre
  5682 | D:9      | Killed a two-headed ogre
  6154 | D:9      | Reached skill level 13 in Long Blades
  6380 | D:9      | Found a blossoming altar of Fedhas.
  6380 | D:9      | Found an ornate altar of the Wu Jian Council.
  6516 | D:9      | Noticed a cyan ugly thing
  6556 | D:9      | Killed a cyan ugly thing
  6556 | D:9      | Reached XP level 11. HP: 41/100 MP: 10/10
  6744 | D:10     | Entered Level 10 of the Dungeon
  6766 | D:10     | Found a shattered altar of Ashenzari.
  6770 | D:10     | Paralysed by a hornet for 3 turns
  6778 | D:10     | Received a gift from Trog
  6829 | D:10     | Found a white marble altar of Elyvilon.
  6877 | D:10     | Found a flagged portal.
  6886 | Bailey   | Entered a bailey
  7130 | Bailey   | Noticed an orc knight
  7138 | Bailey   | Killed an orc knight
  7182 | Bailey   | Found a roughly hewn altar of Beogh.
  7313 | D:10     | Reached skill level 1 in Armour
  7352 | D:10     | Reached skill level 14 in Long Blades
  7449 | D:10     | Noticed a two-headed ogre
  7462 | D:10     | Killed a two-headed ogre
  7729 | D:10     | Noticed a cyan ugly thing
  7743 | D:10     | Killed a cyan ugly thing
  7858 | D:10     | Received a gift from Trog
  7860 | D:10     | Found a staircase to the Orcish Mines.
  8049 | D:11     | You fall into a shaft and drop 2 floors!
  8055 | D:13     | Noticed a centaur warrior
  8069 | D:13     | Killed a centaur warrior
  8072 | D:13     | Noticed a brown ugly thing
  8073 | D:13     | Reached skill level 5 in Armour
  8084 | D:13     | Killed a brown ugly thing
  8194 | D:12     | Noticed Snorg
  8205 | D:12     | Killed Snorg
  8205 | D:12     | Reached XP level 12. HP: 107/107 MP: 11/11
  8216 | D:12     | Found a gate leading to a gauntlet.
  8223 | Gauntlet | Entered a Gauntlet
  8223 | Gauntlet | Found a transporter.
  8232 | Gauntlet | Found a transporter.
  8249 | Gauntlet | Found a transporter.
  8252 | Gauntlet | Found a transporter.
  8272 | Gauntlet | Found a transporter.
  8285 | Gauntlet | Found a transporter.
  8301 | Gauntlet | Found a transporter.
  8315 | Gauntlet | Found a transporter.
  8319 | Gauntlet | Found a transporter.
  8328 | Gauntlet | Found a transporter.
  8350 | Gauntlet | Found a transporter.
  8350 | Gauntlet | Found a transporter.
  8471 | Gauntlet | Reached skill level 15 in Long Blades
  8577 | Gauntlet | Noticed a minotaur
  8587 | Gauntlet | Killed a minotaur
  8909 | D:12     | Noticed a death knight
  8964 | D:12     | Killed a death knight
  9536 | D:11     | Found a staircase to the Lair.
  9550 | D:11     | Reached ****** piety under Trog
 10035 | Orc:1    | Entered Level 1 of the Orcish Mines
 10101 | Orc:1    | Reached skill level 16 in Long Blades
 10432 | Orc:2    | Entered Level 2 of the Orcish Mines
 10492 | Orc:2    | Received a gift from Trog
 10544 | Orc:2    | Found a staircase to the Elven Halls.
 10580 | Orc:2    | Reached XP level 13. HP: 92/114 MP: 12/12
 10693 | Orc:2    | Received a gift from Trog
 10702 | Orc:2    | Found Ynoceugey's Gadget Shop.
 10748 | Orc:2    | Found Meepnaso's Antique Armour Shop.
 10749 | Orc:2    | Found Cibeplam's Antique Weapon Boutique.
 10752 | Orc:2    | Found Anuahat's Book Boutique.
 11537 | Lair:1   | Entered Level 1 of the Lair of Beasts
 11669 | Lair:1   | Reached skill level 10 in Armour
 12542 | Lair:1   | Received a gift from Trog
 13000 | Lair:2   | Noticed Fannar
 13018 | Lair:2   | Killed Fannar
 13235 | Lair:2   | Reached skill level 17 in Long Blades
 13994 | Lair:3   | Found a staircase to the Swamp.
 14670 | Lair:4   | Found a staircase to the Snake Pit.
 14732 | Lair:4   | Reached XP level 14. HP: 68/123 MP: 13/13
 14833 | Lair:4   | Found an iron altar of Okawaru.
 15193 | Lair:4   | Received a gift from Trog
 15699 | Lair:5   | Reached skill level 18 in Long Blades
 16110 | Lair:6   | Entered Level 6 of the Lair of Beasts
 16485 | Lair:6   | Found a staircase to the Slime Pits.
 16669 | Lair:6   | Received a gift from Trog
 16751 | Lair:6   | Reached skill level 19 in Long Blades
 17422 | Lair:6   | Reached XP level 15. HP: 130/130 MP: 14/14
 17955 | Swamp:1  | Entered Level 1 of the Swamp
 18093 | Swamp:1  | Noticed a thorn hunter
 18111 | Swamp:1  | Killed a thorn hunter
 18114 | Swamp:1  | Received a gift from Trog
 18136 | Swamp:1  | Noticed Frances
 18154 | Swamp:1  | HP: 2/130 [spriggan rider/+0 spear (8)]
 18156 | Swamp:1  | Noticed a thorn hunter
 18163 | Swamp:1  | Killed a thorn hunter
 18532 | Swamp:1  | Identified Roxanne's Compendium of Earth
 18532 | Swamp:1  | Noticed Roxanne
 18541 | Swamp:1  | Killed from afar by Roxanne

Levels and vault maps discovered:
D:1:      scummos_arrival_simple_fountains, layout_rooms, st_stairs_8
D:2:      layout_basic, ashenzari_altar_1
D:3:      layout_rooms
D:4:      layout_loops_cross, corexii_corridor_pit, uniq_edmund
D:5:      layout_basic, kennysheep_mini_moat, minmay_temple_entry_slanted,
          first_ration, serial_shops, shop, nicolae_sextant, okawaru_trees_2,
          uniq_grinder, uniq_eustachio
D:6:      layout_cave_pools, kennysheep_generic_room_2
D:7:      layout_cave_pools, lemuel_doored_altar,
          lemuel_zombie_altar_yredelemnul, grunt_gozag_statues
D:8:      layout_basic, gammafunk_temple_overflow_arena,
          nicolae_overflow_hidden_temple, gammafunk_ghost_hive
D:9:      minmay_slanted_spiral_squares, layout_long_grid,
          gammafunk_temple_overflow_statue, serial_undead, serial_undead_e,
          serial_undead_b, serial_undead_a, serial_undead_a, serial_undead_d,
          serial_undead_a, serial_undead_b, serial_undead_b, serial_undead_a,
          serial_undead_f, grunt_livestock, trog_wizard
D:10:     layout_rooms, david_orc_4, enter_bailey_2, basic_altar,
          elyvilon_altar_4
D:11:     layout_basic, dpeg_oklobed_lair
D:12:     kennysheep_scales, layout_cave_pools, gauntlet_entry_generic,
          uniq_urug, uniq_snorg, uniq_nergalle
D:13:     layout_rooms, david_vaults_4, serial_corexii_hall,
          chequers_hall_statues_wall_a, corexii_hall_statues_deadend,
          lemuel_altar_in_water, uniq_rupert
Temple:   eino_wide_crystal_templ
Lair:1:   layout_cave_pods, minivault_11, minmay_hedge_maze,
          minmay_shattered_shrine, grunt_megastairs_3
Lair:2:   beast_lair_carwin_large_1, layout_chaotic_city, uniq_fannar
Lair:3:   layout_roguey, skrybe_swamp_entry_bodies, grunt_megastairs_4
Lair:4:   wad_woods_stonehenge, layout_regular_city,
          minmay_snake_entry_guardpost_small
Lair:5:   layout_gridlike
Lair:6:   minmay_lair_end_frog_pond, layout_regular_city,
          minmay_slime_entry_oklob_open, minivault_27, kennysheep_rathole,
          lemuel_fruit_fields, infiniplex_staircase_pool
Swamp:1:  cheibrodos_swamp_monstrosity, layout_basic_swamp,
          evilmike_swamp_ruin_house_3, uniq_frances, uniq_roxanne
Orc:1:    layout_diamond_mine
Orc:2:    st_orc_mages, layout_caves

Skill      XL: |  1  2  3  4  5  6  7  8  9 10 11 12 13 14 |
---------------+-------------------------------------------+-----
Long Blades    | 3 4 5 6 9 11 13 14 16 17 19 | 19.7
Fighting       | 3 4 |  4.0
Dodging        | 3 4 |  4.0
Armour         | 6 9 11 | 11.2

Action                   |  1- 3 |  4- 6 |  7- 9 | 10-12 | 13-15 || total
-------------------------+-------+-------+-------+-------+-------++-------
Melee: Falchion          |   106 |   191 |   357 |   805 |   107 ||  1566
       Kick              |       |       |   106 |   316 |   321 ||   743
       Great sword       |       |       |       |       |   575 ||   575
       Triple sword      |       |       |       |       |    61 ||    61
Invok: Berserk           |     1 |     6 |     8 |    16 |    13 ||    44
       Brothers in Arms  |       |       |       |     5 |     3 ||     8
Evoke: Wand              |       |       |     1 |    39 |    20 ||    60
       Phial of floods   |       |       |       |     2 |     2 ||     4
  Use: Scroll            |     1 |     2 |     3 |    15 |    10 ||    31
       Potion            |       |       |     6 |     3 |     6 ||    15
 Stab: Sleeping          |       |       |       |     6 |     3 ||     9
       Invisible         |       |       |       |     1 |     4 ||     5
       Distracted        |       |       |       |       |     1 ||     1
       Paralysed         |       |       |       |       |     3 ||     3
  Eat: Chunk             |    14 |    17 |    40 |    58 |    92 ||   221
Armor: Animal skin       |    53 |    68 |   130 |     1 |       ||   252
       Steam dragon scal |       |       |       |    62 |       ||    62
       Troll leather arm |       |       |       |   197 |   276 ||   473
Dodge: Dodged            |    61 |   116 |   184 |   422 |   541 ||  1324
       Rpst.: Falchion   |    21 |    33 |    61 |    89 |    10 ||   214
       Great sword       |       |       |       |       |   114 ||   114
       Triple sword      |       |       |       |       |    13 ||    13
